AoeStats
← 散步黑鵝

Arabia

503855005Analyzed
1v1 RM · 1mo ago on Sep 2, 2026· 29m 27s· 2 players
Game mode
Random Map
Map size
Tiny (2 player)
Population
200
Speed
Normal
Resources
Standard
Victory
Conquest
Starting age
Dark Age
Ending age
Imperial Age
RankedLock teamsTeams togetherTeam positionsShared explorationLock speedFull tech treeHidden civsTurbo modeCheats
Victory
Defeat
🇹🇼 Muisca · Taiwan
2251
+22
🇧🇷 Muisca · Brazil
2377
-22
散步黑鵝
8:27 Loom
10:34 Feudal Age
14:45 Castle Age
13:14 Double-Bit Axe
17:27 Fletching
23:02 Bodkin Arrow
PNLN | PG9
6:40 Loom
9:45 Feudal Age
13:20 Castle Age
11:44 Double-Bit Axe
20:07 Fletching
Connection lost

Rejoining the realm…

Still unreachable

The connection could not be restored.

Session expired

The server has moved on; the page needs a fresh start.